 Dungeon Crawl Stone Soup version 0.31-a0-1098-g6898e6545c (webtiles) character file.

Game seed: 11446033322857168972

1153 Dirtsage the Changeling (level 8, -3/54 HPs)
             Began as an Octopode Shapeshifter on Nov 30, 2023.
             Was an Initiate of Gozag.
             Slain by a gnoll
             ... wielding a +1 halberd of protection
             ... led by a gnoll bouda
              (14 damage)
             ... on level 6 of the Dungeon.
             The game lasted 00:09:19 (4295 turns).

Dirtsage the Changeling (Octopode Shapeshifter)     Turns: 4295, Time: 00:09:20

Health: -3/54      AC:  1    Str: 13    XL:     8   Next: 38%
Magic:  8/8        EV: 13    Int: 12    God:    Gozag
Gold:   197        SH:  0    Dex: 14    Spells: 7/7 levels left

rFire   . .          .
                       - Unarmed
rCold   . . .        (no shield)
rNeg    . . .        (helmet currently unavailable)
rPois   .            (no amulet)
rElec   .            (no ring)
rCorr   .            (no ring)
SInv    .            (no ring)
Will    .....        (no ring)
Stlth   ++           (no ring)
HPRegen 0.29/turn    (no ring)
MPRegen 0.11/turn    (no ring)
                     (no ring)

%: no passive effects
@: beast-form, weakened
A: beast (slay +4), almost no armour, amphibious, 8 rings, camouflage 1,
gelatinous body 1, (nimble swimmer 1), tentacles
a: Begin Untransformation, Renounce Religion, Potion Petition, Call Merchant,
Bribe Branch


You were on level 6 of the Dungeon.
You worshipped Gozag.
Gozag was aware of your devotion.
You were a hulking beast.
You visited 2 branches of the dungeon, and saw 7 of its levels.
You also visited: Sewer.

You collected 269 gold pieces.
You paid 72 gold pieces to Gozag.

Inventory:

Talismans
 b - a beast talisman
 c - a flux talisman
 u - a flux talisman
Wands
 a - a wand of flame (5) (quivered)
Scrolls
 g - a scroll of fear
 h - 3 scrolls of revelation
 i - a scroll of identify
 k - 2 scrolls of noise
 l - a scroll of brand weapon
 m - a scroll of vulnerability
 p - 2 scrolls of immolation
Potions
 d - 2 potions of enlightenment {unknown}
 e - a potion of mutation {unknown}
 f - 2 potions of cancellation {unknown}
 j - a potion of attraction {unknown}
 n - a potion of heal wounds {unknown}
 o - a potion of resistance {unknown}
 q - a potion of haste {unknown}
 r - 2 potions of magic {unknown}
 s - a potion of brilliance {unknown}
 t - a potion of might {unknown}
 v - 3 potions of curing {unknown}


   Skills:
 + Level 4.8 Fighting
 - Level 2.0 Dodging
 + Level 5.6 Unarmed Combat
 * Level 7.0 Shapeshifting


You had 7 spell levels left.
You didn't know any spells.
Your spell library contained the following spells:

 Spells                   Type           Power      Damage    Failure   Level
 Ensorcelled Hibernation  Hex/Ice        0%         N/A       45%         2
 Passwall                 Tmut/Erth      0%         N/A       45%         2
 Swiftness                Air            0%         N/A       69%         3
 Manifold Assault         Tloc           0%         N/A       97%         4
 Dispersal                Tloc           0%         N/A       100%        6
 Disjunction              Tloc           0%         N/A       100%        8


Dungeon Overview and Level Annotations

Branches:
Dungeon (6/15)             Temple (1/1) D:5           Sewer (visited)

Altars:
Ashenzari
Dithmenos
Elyvilon
Gozag
Kikubaaqudgha
Makhleb
Nemelex Xobeh
Qazlal
Ru
Sif Muna
Trog
Uskayaw
Vehumet
Xom
Yredelemnul
Zin
The Shining One

Annotations:
D:5 3 runed translucent doors, DEFE's ghost, weakling DsWn


Innate Abilities, Weirdness & Mutations

You are a hulking beast.
Your limbs bulge with bestial killing power. (Slay +4)
You cannot wear most types of armour.
You are amphibious.
You can wear up to eight rings at the same time.
Your skin changes colour to match your surroundings (Stealth+).
Your rubbery body absorbs attacks. (AC +1, EV +1)
((You are camouflaged when in or above water. (Stealth+)))
You have tentacles for arms and can constrict up to eight enemies at once.


Message History

You take 14 damage, and have 40/54 hp.
MASSIVE DAMAGE!!
The gnoll attacks as it pursues you!
The gnoll hits you from afar with a +1 halberd of protection.
You take 3 damage, and have 37/54 hp.
The gnoll attacks as it pursues you! The gnoll closely misses you.
The gnoll attacks as it pursues you! The gnoll closely misses you.
The gnoll bouda barks out a call to the hunt!
The gnolls pick up the pace!
Okay, then.
You tentacle-slap the gnoll. You grab the gnoll.
The gnoll is moderately wounded.
You constrict the gnoll.
The gnoll hits you from afar with a +1 halberd of protection!
The gnoll hits you with a +0 whip.
You take 20 damage, and have 18/54 hp.
MASSIVE DAMAGE!!
You tentacle-slap the gnoll.
The gnoll is heavily wounded.
You constrict the gnoll. The gnoll closely misses you. x2
You tentacle-slap the gnoll but do no damage.
The gnoll is severely wounded.
You constrict the gnoll. The gnoll hits you with a +0 whip.
* * * LOW HITPOINT WARNING * * *
You take 3 damage, and have 15/54 hp.
You bludgeon the gnoll!
You kill the gnoll!
Your attacks no longer feel as feeble.
The gnoll bouda barks out a call to the hunt!
The gnoll picks up the pace!
The gnoll closely misses you. The gnoll attacks as it pursues you!
The gnoll barely misses you.
The gnoll bouda barks out a call to the hunt!
The gnoll hits you from afar with a +1 halberd of protection!
* * * LOW HITPOINT WARNING * * *
You take 12 damage, and have 10/54 hp.
MASSIVE DAMAGE!!
The gnoll bouda gazes fiercely through you!
You feel your attacks grow feeble. The gnoll attacks as it pursues you!
The gnoll hits you from afar with a +1 halberd of protection!
You die...
Your body crumbles into a pile of gold.

.###.#..###.####.###....
........# #.###...## ##
#.....###.##.....#
#.........###.<.##
.##.##..##### ##.##
........# #.# .######.#
#.# ..######.# #+#
........h# .#######.#
##.g#
########...####.....[...#
..............+.........+
########...####.........
##..# ....... ##g# .....
#.## .).


You could see a gnoll bouda and a gnoll (swift).

Vanquished Creatures
  Duvessa (D:4)
  A black bear (D:5)
  An ice beast (D:5)
  A centaur (D:5)
  A phantom (D:5)
  2 kobold brigands (Sewer)
  2 scorpions
  Dowan (D:4)
  A jelly (D:5)
  2 hounds
  An iguana (D:4)
  Jessica (D:2)
  7 adders
  A gnoll (D:6)
  8 river rats (Sewer)
  5 worms
  A dart slug (D:3)
  6 orcs
  2 endoplasms
  7 giant cockroaches
  6 goblins
  3 hobgoblins (D:1)
  3 jackals (D:3)
  8 quokkas
  6 ball pythons
  9 bats
  3 frilled lizards
  22 kobolds
  21 rats
133 creatures vanquished.

Notes
Turn   | Place    | Note
-------+----------+-------------------------------------------
     0 | D:1      | Dirtsage the Octopode Shapeshifter began the quest for the
                  | Orb.
     0 | D:1      | Reached XP level 1. HP: 13/13 MP: 1/1
   249 | D:1      | Reached XP level 2. HP: 18/18 MP: 2/2
   793 | D:2      | Found a glowing golden altar of the Shining One.
   824 | D:2      | Reached XP level 3. HP: 16/23 MP: 3/3
   939 | D:2      | Found a faded altar of an unknown god.
  1021 | D:2      | Noticed Jessica
  1033 | D:2      | Killed Jessica
  1034 | D:2      | Reached XP level 4. HP: 14/29 MP: 4/4
  1384 | D:3      | Found a glowing drain.
  1392 | D:3      | Reached skill level 4 in Shapeshifting
  1397 | Sewer    | Entered a sewer
  1512 | Sewer    | Noticed a kobold brigand
  1596 | Sewer    | Killed a kobold brigand
  1597 | Sewer    | Reached XP level 5. HP: 11/35 MP: 5/5
  1845 | Sewer    | Reached XP level 6. HP: 17/41 MP: 6/6
  2279 | Sewer    | Reached skill level 5 in Shapeshifting
  2646 | D:3      | Found a burning altar of Makhleb.
  2647 | D:3      | Found a glowing golden altar of the Shining One.
  2954 | D:3      | Found a hide-covered altar of Uskayaw.
  3046 | D:4      | Noticed Dowan
  3210 | D:4      | Reached XP level 7. HP: 42/46 MP: 7/7
  3309 | D:4      | Noticed Duvessa
  3323 | D:4      | Killed Duvessa
  3329 | D:4      | Killed Dowan
  3370 | D:5      | Entered Level 5 of the Dungeon
  3467 | D:5      | Reached skill level 5 in Unarmed Combat
  3467 | D:5      | Reached skill level 6 in Shapeshifting
  3660 | D:5      | Found a staircase to the Ecumenical Temple.
  3694 | Temple   | Entered the Ecumenical Temple
  3719 | Temple   | Became a worshipper of Gozag Ym Sagoz the Greedy
  3795 | D:5      | Reached XP level 8. HP: 48/54 MP: 8/8
  3994 | D:5      | Noticed DEFE's ghost (weakling DsWn)
  4020 | D:5      | Found a runed translucent gate.
  4020 | D:5      | Found a runed translucent gate.
  4020 | D:5      | Found a runed translucent gate.
  4207 | D:6      | Reached skill level 7 in Shapeshifting
  4295 | D:6      | Slain by a gnoll

Illustrated notes

Levels and vault maps discovered:
D:1:      ebering_hopf_link, layout_loops_cross, patterned_corridor
D:2:      layout_rooms, basic_altar, chequers_ecumenical_altar_simple_redux,
          minmay_between, uniq_jessica
D:3:      layout_rooms, lemuel_coloured_pillars_altar,
          mainiacjoe_overflow_divided_tiny, gup_sewer_entry_pipe
D:4:      layout_gridville, chei_slow_surprise, serial_rivers,
          chequers_serial_rivers_small_b, chequers_serial_rivers_small_a,
          chequers_serial_rivers_micro_c, chequers_serial_rivers_room_b,
          chequers_serial_rivers_micro_c, nrook_loot_triangle,
          kennysheep_generic_room_6, uniq_duvessa, uniq_edmund,
          uniq_crazy_yiuf_cottage
D:5:      layout_cave_pools, minmay_temple_entry_drinking_statues, serial_glass,
          glass_columns_c, glass_columns_c, gammafunk_ghost_icy
D:6:      layout_loops_corners
Temple:   nicolae_temple_superstar

Skill      XL: |  1  2  3  4  5  6  7  8 |
---------------+-------------------------+-----
Fighting       | 2 3 4 |  4.8
Shapeshifting  | 4 5 6 7 |  7.0
Unarmed Combat | 4 5 |  5.6
Dodging        | |  2.0

Action                     |  1- 3 |  4- 6 |  7- 9 || total
---------------------------+-------+-------+-------++-------
  Melee: Unarmed           |    50 |   168 |    46 ||   264
         Constrict         |    11 |    51 |    10 ||    72
         Tentacles         |     8 |    40 |    15 ||    63
         Punch             |       |     7 |     3 ||    10
  Evoke: Wand              |       |     1 |     6 ||     7
    Use: Scroll            |       |     6 |       ||     6
         Potion            |       |       |     1 ||     1
   Stab: Sleeping          |     6 |     9 |     4 ||    19
         Distracted        |     1 |       |       ||     1
 Armour: Skin              |    20 |    60 |    37 ||   117
  Dodge: Dodged            |    24 |    75 |    38 ||   137

Table legend: (Time is in decaauts)
 A = Elapsed time spent in this place.
 B = Non-inter-level travel time spent in this place.
 C = Inter-level travel time spent in this place.
 D = Time resting spent in this place.
 E = Time spent auto-exploring this place.
 F = Levels seen in this place.
 G = Mean time per level.
                   A        B        C        D        E       F      G
               +--------+--------+--------+--------+--------+-----+--------+
         Total |   4275 |   4077 |    198 |    511 |   2645 |   8 |  534.4 |
       Dungeon |   3082 |   2932 |    150 |     49 |   2251 |   6 |  513.7 |
        Temple |     50 |      2 |     48 |      0 |      0 |   1 |   50.0 |
         Sewer |   1142 |   1142 |      0 |    462 |    394 |   1 | 1142.0 |
               +--------+--------+--------+--------+--------+-----+--------+

Top non-repeatable levels by time:
   Sewer: 1142 daAuts
     D:1: 785 daAuts
     D:5: 687 daAuts
     D:3: 623 daAuts
     D:2: 543 daAuts
     D:4: 342 daAuts
     D:6: 99 daAuts
  Temple: 50 daAuts
